 Dungeon Crawl Stone Soup version 0.30.1 (webtiles) character file.

Game seed: 8543351099762392765

4638 Fodor the Protected (level 10, -1/86 HPs)
             Began as a Minotaur Fighter on July 5, 2023.
             Was an Initiate of Gozag.
             Slain by a killer bee (7 damage)
             ... on level 9 of the Dungeon.
             The game lasted 00:37:32 (6894 turns).

Fodor the Protected (Minotaur Fighter)              Turns: 6894, Time: 00:37:34

Health: -1/86      AC: 13    Str: 25    XL:     10   Next: 20%
Magic:  9/9        EV: 12    Int: 10    God:    Gozag
Gold:   907        SH:  0    Dex: 13    Spells: 9/9 levels left

rFire   . . .        s - +5 dire flail
rCold   + . .        (shield currently unavailable)
rNeg    . . .        A - +2 scale mail {rC+}
rPois   .            (helmet restricted)
rElec   .            v - +0 cloak
rCorr   .            (no gloves)
SInv    .            j - +0 pair of boots
Will    .....        k - amulet of regeneration
Stlth   +            i - ring of flight
HPRegen 1.14/turn    m - +6 ring of intelligence
MPRegen 0.11/turn

%: random rage (3%)
@: mighty, lethally poisoned (-1 -> -7), gold aura, flying
A: horns 2, retaliatory headbutt, camouflage 1, agile 1, berserk 1
a: Renounce Religion, Potion Petition, Call Merchant, Bribe Branch


You were on level 9 of the Dungeon.
You worshipped Gozag.
Gozag was pleased with you.
You visited 1 branch of the dungeon, and saw 9 of its levels.

You collected 991 gold pieces.
You paid 84 gold pieces to Gozag.

Inventory:

Hand Weapons
 h - a +0 shortbow
 s - a +5 dire flail (weapon)
 G - a +2 long sword of draining
Missiles
 q - 22 poisoned darts (quivered)
 w - 3 throwing nets
 x - 11 curare-tipped darts
Armour
 c - a +0 buckler
 j - a +0 pair of boots (worn)
 v - a +0 cloak (worn)
 A - a +2 scale mail of cold resistance (worn)
 E - a +0 plate armour
Jewellery
 i - a ring of flight (left hand)
 k - an amulet of regeneration (around neck)
 m - a +6 ring of intelligence (right hand)
 B - a ring of ice
 C - a ring of positive energy
Wands
 F - a wand of mindburst (11)
 I - a wand of iceblast (4)
Scrolls
 a - a scroll of vulnerability {unknown}
 b - 2 scrolls of silence
 n - a scroll of poison
 r - 2 scrolls of blinking
 u - 2 scrolls of teleportation
 y - a scroll of immolation
 D - a scroll of fog
 H - a scroll of magic mapping {unknown}
Potions
 d - 2 potions of might
 e - 3 potions of attraction {unknown}
 f - 3 potions of heal wounds {unknown}
 g - 2 potions of flight {unknown}
 l - a potion of resistance {unknown}
 p - a potion of ambrosia {unknown}
 t - 3 potions of mutation
 z - 3 potions of degeneration {unknown}


   Skills:
 + Level 7.3 Fighting
 + Level 9.5 Long Blades
 + Level 7.1 Maces & Flails
 + Level 0.4 Throwing
 + Level 10.1 Armour
 + Level 4.1 Dodging
 + Level 1.4 Stealth
 + Level 6.3 Shields


You had 9 spell levels left.
You didn't know any spells.
Your spell library contained the following spells:

 Spells                   Type           Power      Damage    Failure   Level
 Sublimation of Blood     Necr           0%         N/A       75%         2
 Petrify                  Tmut/Erth      0%         N/A       100%        4
 Irradiate                Conj/Tmut      0%         3d11      100%        5


Dungeon Overview and Level Annotations

Branches:
Dungeon (9/15)             Temple (0/1) D:4
   Lair: D:8-11         Orc: D:9-12

Altars:
Cheibriados
Dithmenos
Elyvilon
Fedhas
Gozag
Hepliaklqana
Nemelex Xobeh
Trog
Yredelemnul


Innate Abilities, Weirdness & Mutations

You have a pair of horns on your head.
You reflexively headbutt those who attack you in melee.
Your skin changes colour to match your surroundings (Stealth+).
You are agile. (Dex +4, Str/Int -1)
You sometimes lose your temper in combat.


Message History

You kill the killer bee!
You feel better. The killer bee stings you.
* * * LOW HITPOINT WARNING * * *
You are poisoned.
The killer bee poisons you!
The orc is distracted by your dazzling golden aura.
The killer bee closely misses you. You furiously retaliate!
You headbutt the killer bee.
You feel very mighty all of a sudden.
You feel very sick. The killer bee stings you.
* * * LOW HITPOINT WARNING * * *
You are more poisoned.
The killer bee poisons you!
An orc comes into view. It is wielding a +0 dagger.
The killer bee stings you but does no damage.
You miss the killer bee.
The killer bee is severely wounded.
You feel very sick.
The orc is no longer distracted by gold.
The killer bee stings you but does no damage.
The orc priest looks satisfied for a moment.
The killer bee stings you.
* * * LOW HITPOINT WARNING * * *
You are lethally poisoned!
The killer bee poisons you!
You barely miss the killer bee.
The killer bee is severely wounded.
You are no longer corroded.
* * * LOW HITPOINT WARNING * * *
You feel very sick.
The orc shouts!
The killer bee closely misses you.
You miss the killer bee.
The killer bee is severely wounded.
* * * LOW HITPOINT WARNING * * *
You feel very sick. The killer bee closely misses you.
The killer bee stings you!
You die...
Your body crumbles into a pile of gold.

#### . ...#.#
#.....#
####..($..#
..###.<......#
..o.o.o$@....##
.....#.y..#.##
.......#.## #
........(.
.......###.
.....## . ....
. ...


You could see a killer bee, an orc priest and 2 orcs.

Vanquished Creatures
  The ghost of Mischief the Magician, a novice DjFE of Qazlal (D:6)
  An elephant (D:8)
  6 yaks (D:7)
  A wyvern (D:8)
  A steam dragon (D:7)
  A water moccasin (D:7)
  2 orc warriors (D:8)
  4 black bears
  A sky beast (D:7)
  A centaur (D:7)
  8 kobold brigands (D:6)
  A gnoll sergeant (D:7)
  3 scorpions
  5 wights (D:6)
  3 killer bees (D:9)
  2 howler monkeys (D:7)
  5 hounds
  2 orc priests
  A jelly (D:6)
  An iguana (D:5)
  2 orc wizards
  3 gnolls (D:7)
  6 adders
  3 ufetubi
  2 worms
  3 dart slugs
  21 orcs
  7 bats
  6 endoplasms
  3 giant cockroaches (D:2)
  14 goblins
  8 hobgoblins
  2 jackals (D:1)
  2 quokkas
  6 ball pythons
  10 frilled lizards
  8 kobolds
  7 rats
163 creatures vanquished.

Notes
Turn   | Place    | Note
-------+----------+-------------------------------------------
     0 | D:1      | Fodor the Minotaur Fighter began the quest for the Orb.
     0 | D:1      | Reached XP level 1. HP: 19/19 MP: 0/0
   248 | D:1      | Reached XP level 2. HP: 26/27 MP: 1/1
   361 | D:1      | Reached skill level 4 in Armour
   616 | D:1      | Reached XP level 3. HP: 33/33 MP: 2/2
  1345 | D:2      | Reached XP level 4. HP: 40/40 MP: 3/3
  1649 | D:2      | Reached skill level 1 in Dodging
  1714 | D:2      | Found a faded altar of an unknown god.
  2101 | D:3      | Found a sparkling altar of Nemelex Xobeh.
  2529 | D:3      | Reached XP level 5. HP: 36/46 MP: 4/4
  2643 | D:3      | Found a snail-covered altar of Cheibriados.
  2644 | D:3      | Found a bloodstained altar of Trog.
  2644 | D:3      | Found a blossoming altar of Fedhas.
  2644 | D:3      | Found a shadowy altar of Dithmenos.
  2807 | D:4      | Found a staircase to the Ecumenical Temple.
  2920 | D:4      | Reached skill level 5 in Armour
  3088 | D:4      | Reached XP level 6. HP: 53/53 MP: 5/5
  3134 | D:4      | Found an opulent altar of Gozag.
  3139 | D:4      | Became a worshipper of Gozag Ym Sagoz the Greedy
  3369 | D:5      | Entered Level 5 of the Dungeon
  3522 | D:5      | Found a white marble altar of Elyvilon.
  3564 | D:5      | Reached skill level 5 in Long Blades
  3651 | D:5      | Found a hazy altar of Hepliaklqana.
  3991 | D:5      | Reached skill level 5 in Fighting
  3991 | D:5      | Reached skill level 5 in Shields
  3991 | D:5      | Reached XP level 7. HP: 48/61 MP: 6/6
  4138 | D:6      | Found a basalt altar of Yredelemnul.
  4264 | D:6      | Reached skill level 6 in Armour
  4351 | D:6      | You are sucked into a shaft and drop 1 floor!
  4665 | D:7      | Noticed a steam dragon
  4680 | D:7      | Killed a steam dragon
  4761 | D:7      | Noticed a yak
  4762 | D:7      | Noticed a yak
  4763 | D:7      | Noticed a yak
  4764 | D:7      | Noticed a yak
  4776 | D:7      | Noticed a yak
  4777 | D:7      | Noticed a yak
  4787 | D:7      | Killed a yak
  4788 | D:7      | Reached XP level 8. HP: 43/69 MP: 7/7
  4801 | D:7      | Reached skill level 7 in Armour
  4804 | D:7      | Gained mutation: You sometimes lose your temper in combat.
                  | [potion of mutation]
  4804 | D:7      | Gained mutation: Your skin changes colour to match your
                  | surroundings (Stealth+). [potion of mutation]
  4804 | D:7      | Gained mutation: You are agile. (Dex +4, Str/Int -1)
                  | [potion of mutation]
  4808 | D:7      | Reached skill level 1 in Stealth
  4817 | D:7      | Reached skill level 8 in Armour
  5135 | D:6      | Reached XP level 9. HP: 72/75 MP: 8/8
  5284 | D:6      | Found a runed translucent gate.
  5284 | D:6      | Found a runed translucent gate.
  5284 | D:6      | Found a runed translucent gate.
  5286 | D:6      | Noticed Mischief's ghost (novice DjFE)
  5526 | D:6      | Reached skill level 9 in Armour
  5535 | D:6      | Reached skill level 1 in Maces & Flails
  5776 | D:6      | Killed Mischief's ghost
  5777 | D:6      | Reached skill level 5 in Maces & Flails
  6361 | D:8      | Noticed an elephant
  6378 | D:8      | Reached XP level 10. HP: 47/86 MP: 9/9
  6383 | D:8      | Killed an elephant
  6850 | D:8      | Reached skill level 10 in Armour
  6894 | D:9      | Slain by a killer bee

Illustrated notes

Levels and vault maps discovered:
D:1:      dpeg_arrival_orchard, layout_loops_ring, minmay_lizard_pond
D:2:      layout_loops_corners, ebering_ecumenical_altar_ruins
D:3:      layout_loops_ring, mainiacjoe_overflow_boulevard,
          chequers_temple_overflow_statue_of_worship
D:4:      layout_loops_cross, nicolae_gozag_seed_capital, temple_pool_b
D:5:      layout_basic, mainiacjoe_overflow_cross_hatched,
          mainiacjoe_overflow_24_doors, nicolae_wu_jian_glorious_leap
D:6:      layout_basic, nicolae_overflow_crystal_walls,
          gammafunk_ghost_nasty_kobolds, hangedman_decor_lopped
D:7:      layout_basic
D:8:      layout_basic, led_sif_pool, makhleb_altar_promises_db,
          mainiacjoe_overflow_paths, okawaru_trees_2, david_lair_generic
D:9:      layout_rooms, nicolae_transporter_circle

Skill      XL: |  1  2  3  4  5  6  7  8  9 10 |
---------------+-------------------------------+-----
Shields        | 4 5 6 |  6.3
Armour         | 4 5 6 8 9 10 | 10.1
Fighting       | 4 5 6 7 |  7.3
Long Blades    | 3 4 5 7 8 9 |  9.5
Dodging        | 1 2 3 4 |  4.1
Stealth        | 1 |  1.4
Maces & Flails | 5 7 |  7.1
Throwing       | |  0.4

Action                     |  1- 3 |  4- 6 |  7- 9 | 10-12 || total
---------------------------+-------+-------+-------+-------++-------
  Melee: Long sword        |   122 |   153 |   121 |       ||   396
         Headbutt          |    13 |    19 |    46 |     6 ||    84
         Dire flail        |       |       |    93 |    37 ||   130
  Throw: Dart              |       |     4 |     1 |     2 ||     7
    Use: Scroll            |       |       |     8 |       ||     8
         Potion            |       |       |     5 |     2 ||     7
   Stab: Distracted        |       |       |     1 |       ||     1
 Armour: Scale mail        |    68 |    92 |   110 |    21 ||   291
  Dodge: Dodged            |    70 |    90 |   111 |    33 ||   304
  Block: Buckler           |    24 |    34 |    29 |       ||    87
